AoeStats
← Runxi24

Arabia

503848989Analyzed
4v4 RM · 29d ago on Sep 2, 2026· 36m 29s· 8 players
Game mode
Random Map
Map size
Large (8 player)
Population
200
Speed
Normal
Resources
Standard
Victory
Conquest
Starting age
Dark Age
Ending age
Imperial Age
RankedLock teamsTeams togetherTeam positionsShared explorationLock speedFull tech treeHidden civsTurbo modeCheats
Victory
Defeat
🇩🇰 Italians · Denmark
1472
+5
🇳🇱 Franks · Netherlands
1267
+13
🇪🇸 Poles · Spain
1153
+18
🇮🇳 Chinese · India
1071
+22
🇮🇳 Celts · India
1214
-15
🇮🇳 Persians · India
1200
-14
🇺🇸 Khmer · United States
1193
-14
🇮🇳 Ethiopians · India
1184
-13
BlackArrow
6:32 Loom
9:19 Feudal Age
26:18 Castle Age
26:40 Crossbowman
27:11 Fletching
27:22 Padded Archer Armor
31:09 Bodkin Arrow
31:23 Stone Mining
Red_X
6:30 Loom
9:26 Feudal Age
9:55 Double-Bit Axe
11:54 Horse Collar
20:46 Castle Age
19:27 Gold Mining
20:30 Scale Barding Armor
21:26 Forging
22:01 Husbandry
22:35 Heavy Plow
22:46 Bow Saw
25:46 Chain Barding Armor
28:22 Iron Casting
31:39 Pikeman
32:41 Light Cavalry
33:35 Stone Mining
_gambit
7:03 Loom
9:21 Feudal Age
9:55 Double-Bit Axe
9:52 Horse Collar
23:27 Castle Age
23:36 Scale Barding Armor
23:42 Forging
23:45 Bloodlines
25:08 Chain Barding Armor
24:15 Light Cavalry
30:16 Gold Mining
WaaLlela ShewaaLa
7:45 Loom
9:37 Feudal Age
12:33 Double-Bit Axe
14:00 Fletching
14:38 Padded Archer Armor
31:23 Gold Mining
31:26 Stone Mining
31:22 Horse Collar
Lord Longshaft
9:07 Feudal Age
10:35 Fletching
11:45 Fletching
13:04 Padded Archer Armor
12:51 Loom
22:05 Castle Age
19:51 Horse Collar
22:40 Gold Mining
22:51 Bodkin Arrow
22:19 Crossbowman
23:55 Leather Archer Armor
25:11 Ballistics
26:38 Thumb Ring
32:33 Wheelbarrow
32:21 Double-Bit Axe
36:18 Imperial Age
34:23 Treadmill Crane
34:36 Stone Mining
36:20 Arbalester
37:01 Bracer
38:04 Chemistry
Medina90
6:38 Loom
9:35 Feudal Age
13:33 Double-Bit Axe
17:37 Wheelbarrow
17:32 Scale Barding Armor
18:48 Forging
22:48 Castle Age
22:03 Gold Mining
24:16 Hand Cart
24:23 Husbandry
26:27 Gold Shaft Mining
30:45 Chain Barding Armor
Runxi24
6:43 Loom
9:23 Feudal Age
10:10 Double-Bit Axe
11:50 Horse Collar
18:26 Scale Barding Armor
21:44 Castle Age
20:55 Bloodlines
22:02 Fletching
23:04 Husbandry
26:13 Chain Barding Armor
27:01 Forging
28:51 Bow Saw
28:51 Stone Mining
28:54 Gold Mining
29:20 Heavy Plow
30:53 Iron Casting
33:13 Wheelbarrow
33:47 Szlachta Privileges
KingShark
0:55 Loom
12:24 Feudal Age
16:15 Castle Age
14:32 Double-Bit Axe
21:10 Gold Mining
24:18 Fletching
25:54 Horse Collar
27:08 Wheelbarrow
26:36 Padded Archer Armor
28:57 Thumb Ring
29:21 Leather Archer Armor
32:01 Gold Shaft Mining
32:05 Bow Saw
32:48 Ballistics
33:38 Bodkin Arrow
Connection lost

Rejoining the realm…

Still unreachable

The connection could not be restored.

Session expired

The server has moved on; the page needs a fresh start.